 Dungeon Crawl Stone Soup version 0.26.0-10-g1f06aea511 (webtiles) character file.

Game seed: 9789337969682825274

2055 Borgoz the Slasher (level 9, -4/74 HPs)
             Began as a Ghoul Gladiator on Jan 13, 2021.
             Was a Follower of Ashenzari.
             Slain by Prince Ribbit (10 damage)
             ... on level 7 of the Dungeon.
             The game lasted 00:09:04 (7103 turns).

Borgoz the Slasher (Ghoul Gladiator)                Turns: 7103, Time: 00:09:05

Health: -4/74      AC: 11    Str: 19    XL:     9   Next: 25%
Magic:  8/8        EV: 16    Int:  3    God:    Ashenzari [*.....]
Gold:   336        SH:  0    Dex: 18    Spells: 5/8 levels left

rFire    . . .     SeeInvis .   a - +0 long sword
rCold    + . .     Faith    .   (no shield)
rNeg     + + +     Spirit   .   b - +0 leather armour
rPois    ∞         Reflect  .   c - +1 helmet
rElec    .         Harm     .   w - +2 cloak
rCorr    .         Rampage  .   q - +0 pair of gloves
Will     .....                  i - +0 pair of boots
Stlth    +.........             s - amulet of regeneration (curse)
HPRegen  0.00/turn              r - +6 ring of dexterity
MPRegen  0.11/turn              (no ring)

@: no status effects
A: claws 1, cold resistance 1, negative energy resistance 3, inhibited
regeneration, torment resistance, unbreathing
a: Renounce Religion, Curse Item, Scrying


You were on level 7 of the Dungeon.
You worshipped Ashenzari.
Ashenzari was aware of your devotion.
You visited 2 branches of the dungeon, and saw 8 of its levels.

You collected 336 gold pieces.

Inventory:

Hand Weapons
 a - a +0 long sword (weapon)
Missiles
 d - 3 throwing nets (quivered)
Armour
 b - a +0 leather armour (worn)
 c - a +1 helmet (worn)
 i - a +0 pair of boots (worn)
 q - a +0 pair of gloves (worn)
 w - a +2 cloak (worn)
Jewellery
 k - an uncursed amulet of guardian spirit
 m - an uncursed amulet of the acrobat
 r - a +6 ring of dexterity (left hand)
 s - a cursed amulet of regeneration (around neck)
Wands
 p - a wand of iceblast (7)
Scrolls
 e - 2 scrolls of remove curse
 h - a scroll of blinking
 l - 5 scrolls of teleportation
 t - a scroll of random uselessness {unknown}
 u - a scroll of noise {unknown}
 v - a scroll of amnesia {unknown}
Potions
 f - 5 potions of curing
 g - 2 potions of heal wounds
 j - 2 potions of haste
 o - 2 potions of resistance


   Skills:
 + Level 5.2 Fighting
 * Level 6.5 Long Blades
 - Level 1.7 Throwing
 * Level 5.6 Armour
 * Level 6.3 Dodging


You had 5 spell levels left.
You knew the following spells:

 Your Spells              Type           Power        Failure   Level
a - Confusing Touch       Hex            0%           91%         3

Your spell library contained the following spells:

 Spells                   Type           Power        Failure   Level
 Animate Skeleton         Necr           0%           56%         1
 Apportation              Tloc           0%           56%         1
 Corona                   Hex            0%           56%         1
 Sandblast                Erth           0%           56%         1
 Summon Small Mammal      Summ           0%           56%         1
 Ensorcelled Hibernation  Hex/Ice        0%           71%         2
 Passwall                 Tmut/Erth      0%           71%         2
 Dazzling Flash           Conj/Hex       0%           91%         3
 Stone Arrow              Conj/Erth      0%           91%         3
 Tukima's Dance           Hex            0%           91%         3
 Petrify                  Tmut/Erth      0%           100%        4
 Lee's Rapid Deconstruct  Erth           0%           100%        5


Dungeon Overview and Level Annotations

Branches:
Dungeon (7/15)             Temple (1/1) D:4

Altars:
Ashenzari
Cheibriados
Dithmenos
Fedhas
Gozag
Hepliaklqana
Kikubaaqudgha
Makhleb
Nemelex Xobeh
Okawaru
Qazlal
Ru
Sif Muna
Trog
Uskayaw
Vehumet
Wu Jian
Xom
Yredelemnul
Zin
The Shining One

Annotations:
D:7 Prince Ribbit


Innate Abilities, Weirdness & Mutations

You thrive by killing the living.
You are immune to poison.
You have sharp fingernails.
Your flesh is cold resistant. (rC+)
You are immune to negative energy. (rN+++)
You do not regenerate when monsters are visible.
You are immune to unholy pain and torment.
You can survive without breathing.


Message History

The orc closely misses you.
You riposte.
You hit the orc.
The orc is lightly wounded.
The orc wizard closely misses you. Prince Ribbit misses you.
You barely miss the orc wizard.
The orc wizard is almost dead.
The orc splashes around in the water.
The orc wizard hits you but does no damage.
Prince Ribbit closely misses you.
You closely miss the orc wizard.
The orc wizard is almost dead.
The orc wizard gestures at you while chanting.
The magic dart hits you.
* * * LOW HITPOINT WARNING * * *
Prince Ribbit hits you!
* * * LOW HITPOINT WARNING * * *
The orc splashes around in the water.
The orc wizard points at you and mumbles some strange words.
The magic dart hits you but does no damage.
Prince Ribbit hits you!
You die...

#. #....#
.. #....#
#. #....#
#.. #....#
#.##....#
#..#....#
#......#
##.F...#
#o@)..#
##o##.....
≈)# ##...
#... #..
.... ..
......
......
........


You could see Prince Ribbit, an orc wizard (fast) and an orc.

Vanquished Creatures
  Sigmund (D:5)
  Eustachio (D:5)
  3 phantoms
  A sky beast (D:7)
  2 ogres
  3 centaurs
  A bullfrog (D:7)
  A wyvern skeleton (D:6)
  3 scorpions
  A howler monkey (D:6)
  2 jellies (D:5)
  2 centaur zombies (D:6)
  A quasit (D:5)
  A hound (D:5)
  2 orc wizards
  2 iguanas (D:4)
  Jessica (D:3)
  3 worker ants
  A hound zombie (D:6)
  6 gnolls
  4 river rats (D:5)
  7 adders
  A white imp (D:5)
  An ooze (D:3)
  A worm (D:2)
  A dart slug (D:1)
  A leopard gecko (D:5)
  16 orcs
  A ball python (D:2)
  4 giant cockroaches
  3 goblins (D:1)
  13 hobgoblins
  7 jackals
  13 kobolds
  2 quokkas
  10 bats
  7 frilled lizards
  A jackal skeleton (D:4)
  A leopard gecko skeleton (D:4)
  A leopard gecko zombie (D:5)
  5 rats
138 creatures vanquished.

Vanquished Creatures (others)
  29 plants (D:5)
29 creatures vanquished.

Grand Total: 167 creatures vanquished

Notes
Turn   | Place    | Note
-------+----------+-------------------------------------------
     0 | D:1      | Borgoz the Ghoul Gladiator began the quest for the Orb.
     0 | D:1      | Reached XP level 1. HP: 17/17 MP: 0/0
   150 | D:1      | Reached XP level 2. HP: 22/24 MP: 1/1
   543 | D:1      | Reached skill level 1 in Armour
   608 | D:1      | Reached XP level 3. HP: 29/30 MP: 2/2
  1558 | D:2      | Reached XP level 4. HP: 37/37 MP: 3/3
  2036 | D:2      | Reached XP level 5. HP: 22/42 MP: 4/4
  2357 | D:3      | Noticed Jessica
  2362 | D:3      | Killed Jessica
  3101 | D:4      | Reached XP level 6. HP: 24/51 MP: 5/5
  3266 | D:4      | Found a staircase to the Ecumenical Temple.
  3314 | Temple   | Entered the Ecumenical Temple
  3341 | Temple   | Became a worshipper of Ashenzari the Shackled
  3812 | D:4      | Noticed a phantom
  3841 | D:4      | Killed a phantom
  3842 | D:4      | Reached XP level 7. HP: 25/57 MP: 6/6
  4508 | D:5      | Entered Level 5 of the Dungeon
  4593 | D:5      | Noticed Sigmund
  4609 | D:5      | Killed Sigmund
  4610 | D:5      | Reached skill level 5 in Long Blades
  4961 | D:5      | Reached skill level 5 in Dodging
  4961 | D:5      | Reached XP level 8. HP: 40/66 MP: 7/7
  5302 | D:5      | Found a blossoming altar of Fedhas.
  5632 | D:5      | Noticed Eustachio
  5664 | D:5      | Killed Eustachio
  5971 | D:5      | Learned a level 3 spell: Confusing Touch
  6229 | D:6      | Reached * piety under Ashenzari
  6302 | D:6      | Reached skill level 5 in Armour
  6614 | D:6      | Reached XP level 9. HP: 58/73 MP: 8/8
  6685 | D:6      | Reached skill level 5 in Fighting
  7069 | D:7      | Noticed Prince Ribbit
  7103 | D:7      | Slain by Prince Ribbit

Illustrated notes

Levels and vault maps discovered:
D:1:      lemuel_arrival_muddy, layout_rooms
D:2:      kb_forest_paths, layout_basic
D:3:      layout_basic, uniq_jessica
D:4:      layout_gridville, minmay_temple_entry_drinking_statues,
          minmay_misc_feat_secret_circle, minmay_increasing_density
D:5:      wad_woods_tower, layout_cave_pools, fedhas_ov_isle_minmay,
          minmay_misc_feat_encased, dk_noncrumbling_4, hangedman_glass_teeth,
          hangedman_decor_points, chequers_serial_rivers_micro_d,
          uniq_eustachio, uniq_sigmund
D:6:      layout_basic
D:7:      layout_rooms, uniq_prince_ribbit1
Temple:   regret_index_temple_chain_breaker

Skill      XL: |  1  2  3  4  5  6  7  8  9 |
---------------+----------------------------+-----
Long Blades    | 3 4 5 6 |  6.5
Armour         | 1 2 3 4 5 |  5.6
Dodging        | 3 4 5 6 |  6.3
Fighting       | 3 4 5 |  5.2
Throwing       | |  1.7

Action                   |  1- 3 |  4- 6 |  7- 9 || total
-------------------------+-------+-------+-------++-------
Melee: Long sword        |   115 |   182 |   312 ||   609
Throw: Throwing net      |       |     1 |     1 ||     2
  Use: Scroll            |       |    13 |     3 ||    16
       Potion            |       |     3 |     4 ||     7
 Stab: Held in net/web   |       |       |     2 ||     2
Armor: Leather armour    |    46 |    80 |   137 ||   263
Dodge: Dodged            |    82 |   138 |   265 ||   485
       Rpst.: Long sword |    13 |    48 |    77 ||   138
